 Dungeon Crawl Stone Soup version 0.21-a0-591-g2314aa1 (webtiles) character file.

27 mopl the Stinger (level 3, -2/28 HPs)
             Began as a Naga Venom Mage on Dec 22, 2017.
             Slain by an adder (3 damage)
             ... on level 2 of the Dungeon.
             The game lasted 00:02:05 (940 turns).

mopl the Stinger (Naga Venom Mage)                   Turns: 940, Time: 00:02:06

Health: -2/28      AC:  2    Str: 10    XL:     3   Next: 10%
Magic:  0/6        EV: 10    Int: 16    God:
Gold:   5          SH:  0    Dex: 11    Spells: 0/6 levels left

rFire    . . .     SeeInvis +   d - +0 short sword
rCold    . . .     Gourm    .   (no shield)
rNeg     . . .     Faith    .   a - +0 robe
rPois    +         Spirit   .   (no helmet)
rElec    .         Reflect  .   (no cloak)
rCorr    .         Harm     .   (no gloves)
MR       .....                  (no barding)
Stlth    ++........             (no amulet)
HPRegen  0.09/turn              (no ring)
MPRegen  0.10/turn              (no ring)

@: lethally poisoned (-2 -> -5), very slow
A: large, see invisible, deformed body, poison resistance, slowness 2, slow
metabolism 1, spit poison 1, AC +1
a: Spit Poison


You were on level 2 of the Dungeon.
You were not hungry.

You visited 1 branch of the dungeon, and saw 2 of its levels.

You collected 5 gold pieces.

Inventory:

Hand Weapons
 d - a +0 short sword (weapon)
Armour
 a - a +0 robe (worn)
 g - a +0 shield
Scrolls
 e - 3 scrolls of identify {unknown}
 f - a scroll of enchant weapon {unknown}
 h - a scroll of random uselessness {unknown}
Potions
 i - 3 potions of degeneration {unknown}
 j - a potion of invisibility {unknown}
Books
 b - a Young Poisoner's Handbook

   Spells                             Type                      Level
   a - Sting                          Conjuration/Poison           1
   b - Poisonous Vapours              Poison/Air                   2
   c - Mephitic Cloud                 Conjuration/Poison/Air       3
   d - Olgreb's Toxic Radiance        Poison                       4
   e - Venom Bolt                     Conjuration/Poison           5
Comestibles
 c - a ration
 k - a chunk of flesh


   Skills:
 - Level 1.5 Dodging
 - Level 3.0 Stealth
 + Level 2.3 Spellcasting
 + Level 1.7 Conjurations
 + Level 0.7 Air Magic
 + Level 4.5 Poison Magic


You couldn't memorise any spells.
You knew the following spells:

 Your Spells              Type           Power        Failure   Level  Hunger
a - Sting                 Conj/Pois      ##..         5%          1    #......
b - Poisonous Vapours     Pois/Air       ##....       11%         2    ###....
d - Mephitic Cloud        Conj/Pois/Air  #.......     22%         3    ###....


Dungeon Overview and Level Annotations

Branches:
Dungeon (2/15)

Altars:


Innate Abilities, Weirdness & Mutations

You cannot wear boots.
Your serpentine skin is tough. (AC +1)
You have supernaturally acute eyesight. (SInv)
Armour fits poorly on your strangely shaped body.
Your system is resistant to poisons. (rPois)
You cover ground very slowly.
You have a slow metabolism.
You can spit poison.


Message History

You closely miss the adder.
The adder is almost dead.
The adder bites you.
* * * LOW HITPOINT WARNING * * *
You feel sick.
The adder looks more healthy.
The worm seems less confused.
The adder bites you.
* * * LOW HITPOINT WARNING * * *
Unknown command.
The adder bites you.
* * * LOW HITPOINT WARNING * * *
Casting: Poisonous Vapours
Confirm with . or Enter, or press ? or * to list all spells.
Aiming: Sting
Press: ? - help, Shift-Dir - straight line, f/p - adder
Aim: an adder (almost dead)
The sting misses the adder.
The sting hits the frilled lizard.
You kill the frilled lizard!
* * * LOW HITPOINT WARNING * * *
You feel sick. The adder bites you.
You die...

############
#...(...w..#
#.########.####.#
#..w.††S@.......#
#..#######.######
#..# #.# #<.# #.#
#..........?.
#............
#.....#####.#.
#.....# .#.
#.....#


You could see a worm and an adder.

Vanquished Creatures
  2 oozes
  A leopard gecko (D:2)
  A bat (D:1)
  2 goblins
  2 hobgoblins (D:1)
  2 kobolds
  6 frilled lizards
  3 rats (D:1)
19 creatures vanquished.

Notes
Turn   | Place    | Note
-------+----------+-------------------------------------------
     0 | D:1      | mopl the Naga Venom Mage began the quest for the Orb.
     0 | D:1      | Reached XP level 1. HP: 15/15 MP: 3/3
   284 | D:1      | Reached XP level 2. HP: 11/22 MP: 5/5
   288 | D:1      | Learned a level 2 spell: Poisonous Vapours
   808 | D:2      | Reached XP level 3. HP: 17/28 MP: 1/6
   831 | D:1      | Learned a level 3 spell: Mephitic Cloud
   940 | D:2      | HP: 1/28 [poisoned by an adder]
   940 | D:2      | Slain by an adder

Vault maps used:
D:1:      giann_wishing_wells, hangedman_abyss_or_decor_stabs
D:2:      makhleb_grotto_becter, lemuel_round_altar, xom_teletrap_fun

Action                   || total
-------------------------++-------
Melee: Short sword       ||    36
 Cast: Sting             ||    11
       Poisonous Vapours ||     8
       Mephitic Cloud    ||     1
 Abil: Spit Poison       ||     4
 Stab: Sleeping          ||     2
  Eat: Chunk             ||     1
Armor: Robe              ||     8
Dodge: Dodged            ||    20

Table legend:
 A = Spawn XP
 B = Non-spawn XP
 C = Spawn XP percentage of total XP
 D = Spawn monster count
 E = Non-spawn monster count
 F = Spawn count percentage of total count
 G = Total turns spent on level
                    A         B        C        D         E        F      G
               +---------+---------+-------+---------+---------+-------+---------
         Total |       0 |      39 |   0.0 |       0 |      19 |   0.0 |   940
               +---------+---------+-------+---------+---------+-------+---------
           D:1 |       0 |      25 |   0.0 |       0 |      14 |   0.0 |   872
           D:2 |       0 |      14 |   0.0 |       0 |       5 |   0.0 |    68
               +---------+---------+-------+---------+---------+-------+---------
